 Dungeon Crawl Stone Soup version 0.30-a0-639-g3916f1956a (webtiles) character file.

Game seed: 10689606335771876183

32 astrocodex43 the Shield-Bearer (level 3, -1/30 HPs)
             Began as a Formicid Fighter on Jan 16, 2023.
             Killed from afar by a dart slug (5 damage)
             ... with a slug dart
             ... on level 2 of the Dungeon.
             The game lasted 00:02:39 (495 turns).

astrocodex43 the Shield-Bearer (Formicid Fighter)    Turns: 495, Time: 00:02:39

Health: -1/30      AC:  8    Str: 22    XL:     3   Next: 42%
Magic:  12/12      EV:  9    Int:  7    God:
Gold:   67         SH:  5    Dex: 13    Spells: 2/2 levels left

rFire   . . .      SeeInvis +    a - +0 war axe
rCold   . . .      Faith    .    c - +0 buckler
rNeg    . . .      Spirit   .    b - +0 scale mail
rPois   .          Reflect  .    (helmet unavailable)
rElec   .          Harm     .    m - +0 cloak
rCorr   .          Rampage  .    (no gloves)
Will    .....                    (no boots) Stlth
                                 (no amulet)
HPRegen 0.25/turn                h - ring of magical power
MPRegen 0.13/turn                (no ring)

@: no status effects
A: permanent stasis, dig shafts and tunnels, antennae 3, four strong arms
a: Dig, Shaft Self


You were on level 2 of the Dungeon.
You visited 1 branch of the dungeon, and saw 2 of its levels.

You collected 67 gold pieces.

Inventory:

Hand Weapons
 a - a +0 war axe (weapon)
Armour
 b - a +0 scale mail (worn)
 c - a +0 buckler (worn)
 m - a +0 cloak (worn)
Jewellery
 h - a ring of magical power (left hand)
Scrolls
 f - a scroll of teleportation {unknown}
 g - a scroll of silence {unknown}
 l - a scroll of fog {unknown}
Potions
 d - a potion of might
 e - a potion of heal wounds {unknown}
 i - 2 potions of haste {unknown}
 j - a potion of resistance {unknown}
 k - a potion of degeneration {unknown}


   Skills:
 + Level 3.7 Fighting
 + Level 2.2 Axes
 + Level 3.8 Armour
 + Level 4.5 Shields


You had 2 spell levels left.
You didn't know any spells.
Your spell library contained the following spells:

 Spells                   Type           Power      Damage    Failure   Level
 Lesser Beckoning         Tloc           0%         N/A       91%         2
 Gell's Gravitas          Tloc           0%         N/A       99%         3
 Stone Arrow              Conj/Erth      0%         3d7       99%         3
 Teleport Other           Tloc           0%         N/A       99%         3
 Animate Armour           Summ/Erth      0%         N/A       100%        4
 Lehudib's Crystal Spear  Conj/Erth      0%         10d2      100%        8


Dungeon Overview and Level Annotations

Branches:
Dungeon (2/15)

Altars:


Innate Abilities, Weirdness & Mutations

You cannot be hasted, slowed, berserked, paralysed or teleported.
You can dig through walls and to a lower floor.
You have a pair of large antennae on your head. (SInv)
Your four strong arms can wield two-handed weapons with a shield.


Message History

You see here 11 gold pieces.
Jessica the Apprentice Sorceress comes into view.
She is wielding a +0 dagger.
Jessica shouts!
Jessica casts a spell.
Jessica seems to speed up.
The endoplasm closely misses you.
You barely miss the endoplasm. The endoplasm closely misses you.
The endoplasm freezes you.
You are frozen.
You hit the endoplasm.
The endoplasm is almost dead.
The endoplasm hits you.
You slash the endoplasm!
You kill the endoplasm!
You closely miss Jessica. Jessica closely misses you.
Jessica barely misses you. Jessica gestures at you while chanting.
Pain shoots through your body! Jessica hits you but does no damage.
You slash Jessica!
Jessica is almost dead.
Jessica hits you with a +0 dagger.
Jessica gestures wildly while chanting.
Jessica blinks!
Jessica hits you with a +0 dagger.
Jessica mumbles some strange words.
Jessica blinks!
A dart slug comes into view.
Jessica points at you and mumbles some strange words.
Pain shoots through your body!
* * * LOW HITPOINT WARNING * * *
Jessica hits you but does no damage.
You closely miss Jessica.
Jessica is almost dead.
Jessica hits you but does no damage. Jessica hits you with a +0 dagger.
* * * LOW HITPOINT WARNING * * *
You hit Jessica.
You kill Jessica!
The dart slug launches a dart at you. The slug dart hits you.
You die...

# #†#.# #.# ..# .. #
#.#.# #.# ..#..# # #.#.#
#.# #.#..# ###.#.#
#.######.#..# ....#.#
#........#..# .
#####.###..###.[....##..
..........<..$..........
........................
...#.....#.###.#@..####.
##.#..#.##.# #.#)..#
#.#..#..... ..#....#
..#..####.#####.....#
###..# #.# #####w.# #..#
#.. .... ####..# ### .##
#<##..###### #
#.##........


You could see a dart slug.

Vanquished Creatures
  Jessica (D:2)
  2 adders (D:2)
  2 bats (D:2)
  An endoplasm (D:2)
  2 giant cockroaches
  A goblin (D:2)
  A hobgoblin (D:2)
  A jackal (D:2)
  A ball python (D:2)
  A frilled lizard (D:2)
  2 rats
15 creatures vanquished.

Notes
Turn   | Place    | Note
-------+----------+-------------------------------------------
     0 | D:1      | astrocodex43 the Formicid Fighter began the quest for the
                  | Orb.
     0 | D:1      | Reached XP level 1. HP: 18/18 MP: 1/1
   164 | D:2      | Reached XP level 2. HP: 14/24 MP: 2/2
   198 | D:2      | Reached XP level 3. HP: 16/29 MP: 3/3
   483 | D:2      | Noticed Jessica
   495 | D:2      | Killed Jessica
   495 | D:2      | Killed from afar by a dart slug

Illustrated notes

Levels and vault maps discovered:
D:1:      lightli_arrival_chessboard, layout_basic
D:2:      layout_basic, minmay_randomly_rotated_circles, uniq_jessica

Action                   || total
-------------------------++-------
Melee: War axe           ||    32
Armor: Scale mail        ||    20
Dodge: Dodged            ||    18
Block: Buckler           ||     4

Table legend: (Time is in decaauts)
 A = Elapsed time spent in this place.
 B = Non-inter-level travel time spent in this place.
 C = Inter-level travel time spent in this place.
 D = Time resting spent in this place.
 E = Time spent auto-exploring this place.
 F = Levels seen in this place.
 G = Mean time per level.
                   A        B        C        D        E       F      G
               +--------+--------+--------+--------+--------+-----+--------+
         Total |    507 |    488 |     19 |      0 |      0 |   2 |  253.5 |
       Dungeon |    507 |    488 |     19 |      0 |      0 |   2 |  253.5 |
               +--------+--------+--------+--------+--------+-----+--------+

Top non-repeatable levels by time:
     D:2: 371 daAuts
     D:1: 136 daAuts
